 Dungeon Crawl Stone Soup version 0.27-a0-1071-ga85bd9520d (console) character file.

Game seed: 508479007435551922

32 nht the Digger (level 3, -2/24 HPs)
             Began as a Demonspawn Earth Elementalist on Apr 24, 2021.
             Slain by a kobold
             ... wielding a +0 dagger
              (4 damage)
             ... on level 2 of the Dungeon.
             The game lasted 00:01:44 (1400 turns).

nht the Digger (Demonspawn Earth Elementalist)      Turns: 1400, Time: 00:01:45

Health: -2/24      AC:  5    Str:  7 (8)  XL:     3   Next: 10%
Magic:  6/6        EV: 12    Int: 16 (17) God:
Gold:   80         SH:  0    Dex: 10 (13) Spells: 5/6 levels left

rFire    . . .     SeeInvis .   e - +0 short sword
rCold    . . .     Faith    .   (no shield)
rNeg     . . .     Spirit   .   c - +0 robe
rPois    .         Reflect  .   a - +0 helmet
rElec    .         Harm     .   (no cloak)
rCorr    .         Rampage  .   (no gloves)
Will     .....                  (no boots)
Stlth    ++........             (no amulet)
HPRegen  0.08/turn              (no ring)
MPRegen  0.10/turn              (no ring)

@: no status effects
A: molten scales 1
a: no special abilities


You were on level 2 of the Dungeon.
You visited 1 branch of the dungeon, and saw 3 of its levels.

You collected 80 gold pieces.

Inventory:

Hand Weapons
 e - a +0 short sword (weapon)
Armour
 a - a +0 helmet (worn)
 c - a +0 robe (worn)
Scrolls
 f - a scroll of teleportation


   Skills:
 - Level 1.7 Dodging
 - Level 1.7 Stealth
 - Level 2.0 Spellcasting
 - Level 0.8 Transmutations
 + Level 3.9 Earth Magic


You had 5 spell levels left.
You knew the following spells:

 Your Spells              Type           Power      Damage    Failure   Level
a - Sandblast             Erth           28%        2d8       4%          1

Your spell library contained the following spells:

 Spells                   Type           Power      Damage    Failure   Level
 Passwall                 Tmut/Erth      7%         N/A       12%         2
 Stone Arrow              Conj/Erth      14%        3d7       28%         3
 Petrify                  Tmut/Erth      9%         N/A       61%         4
 Lee's Rapid Deconstruct  Erth           7%         3d7*      75%         5


Dungeon Overview and Level Annotations

Branches:
Dungeon (3/15)

Altars:


Innate Abilities, Weirdness & Mutations

You are partially covered in molten scales. (AC +2)


Message History

* * * LOW HITPOINT WARNING * * *
You are too injured to fight recklessly!
You are too injured to fight recklessly!
You are too injured to fight recklessly!
You are too injured to fight recklessly!
You are too injured to fight recklessly!
You are too injured to fight recklessly!
You are too injured to fight recklessly!
You are too injured to fight recklessly!
You are too injured to fight recklessly!
You are too injured to fight recklessly!
You are too injured to fight recklessly!
You are too injured to fight recklessly!
You are too injured to fight recklessly!
You are too injured to fight recklessly!
You are too injured to fight recklessly!
You are too injured to fight recklessly!
You are too injured to fight recklessly!
You are too injured to fight recklessly!
You are too injured to fight recklessly!
You are too injured to fight recklessly!
You are too injured to fight recklessly!
You are too injured to fight recklessly!
You are too injured to fight recklessly!
You are too injured to fight recklessly!
You hit the kobold but do no damage. The kobold misses you.
You hit the kobold but do no damage. The kobold hits you but does no damage.
You closely miss the kobold. The kobold hits you but does no damage.
You hit the kobold.
The kobold is moderately wounded.
The kobold hits you with a +0 dagger.
* * * LOW HITPOINT WARNING * * *
The kobold hits you but does no damage.
You hit the kobold but do no damage.
The kobold is moderately wounded.
The kobold hits you but does no damage.
You hit the kobold but do no damage.
The kobold is moderately wounded.
The kobold hits you with a +0 dagger.
You die... .█ █████ .█ █...█ .█ █)..████.█ +........█ █████...███.█ █████

...........>.█......
████████████........
█..)@......(.
......††K.......
................
................
................
.....?..........
......[$........
............███


You could see a kobold.

Vanquished Creatures
  A dart slug (D:1)
  3 bats
  3 endoplasms
  A giant cockroach (D:1)
  5 goblins
  2 hobgoblins
  A quokka (D:1)
  4 ball pythons
  3 frilled lizards (D:2)
  6 kobolds
  A rat (D:1)
30 creatures vanquished.

Notes
Turn   | Place    | Note
-------+----------+-------------------------------------------
     0 | D:1      | nht the Demonspawn Earth Elementalist began the quest for
                  | the Orb.
     0 | D:1      | Reached XP level 1. HP: 13/13 MP: 3/3
   265 | D:1      | Reached skill level 3 in Earth Magic
   338 | D:1      | Gained mutation: You are partially covered in molten
                  | scales. (AC +2) [demonic ancestry]
   338 | D:1      | Reached XP level 2. HP: 19/19 MP: 3/5
  1247 | D:2      | Found a faded altar of an unknown god.
  1386 | D:2      | Reached XP level 3. HP: 12/24 MP: 6/6
  1400 | D:2      | Slain by a kobold

Illustrated notes

Levels and vault maps discovered:
D:1:      lemuel_arrival_tunnels, layout_basic, minmay_3d_cube
D:2:      layout_basic, ebering_ecumenical_altar_ruins, basic_altar,
          uniq_crazy_yiuf_cottage
D:3:      layout_rooms, minmay_vboxes

Skill      XL: |  1 |
---------------+----+-----
Earth Magic    | 3 |  3.9
Dodging        | |  1.7
Stealth        | |  1.7
Spellcasting   | |  2.0
Transmutations | |  0.8

Action                   || total
-------------------------++-------
Melee: Unarmed           ||     5
       Short sword       ||    27
 Cast: Sandblast         ||    33
  Use: Scroll            ||     2
       Potion            ||     2
Armor: Robe              ||    22
Dodge: Dodged            ||    52

Table legend: (Time is in decaauts)
 A = Elapsed time spent in this place.
 B = Non-inter-level travel time spent in this place.
 C = Inter-level travel time spent in this place.
 D = Time resting spent in this place.
 E = Time spent auto-exploring this place.
 F = Levels seen in this place.
 G = Mean time per level.
                   A        B        C        D        E       F      G
               +--------+--------+--------+--------+--------+-----+--------+
         Total |   1402 |   1381 |     21 |     32 |   1185 |   3 |  467.3 |
       Dungeon |   1402 |   1381 |     21 |     32 |   1185 |   3 |  467.3 |
               +--------+--------+--------+--------+--------+-----+--------+

Top non-repeatable levels by time:
     D:1: 1241 daAuts
     D:2: 158 daAuts
     D:3: 1 daAuts
